Map: King Sejong Station LE

Players

Gracz - Winner!

  • Race: Protoss Protoss
  • League: Silver

Kazelodie

  • Race: Protoss Protoss
  • League: Bronze

VOD

Have the link to the VOD?

Description

Time

  • Played on: Oct. 1, 2016, 3:03 p.m.
  • Length: 5:23
Show
View Real Time Build Order
Export as new Build Order

Gracz Protoss - Winner!

Build Orders:  

Get SALT Encoding   

  12  0:01  Probe (Chrono Boost)  
  13  0:14  Probe (Chrono Boost)  
  14  0:21  Pylon  
  14  0:24  Assimilator  
  14  0:50  Pylon, Gateway  
  14  0:52  Probe (Chrono Boost)  
  15  1:02  Probe (Chrono Boost)  
  16  1:46  Gateway  
  16  2:19  Gateway  
  16  2:22  Probe (Chrono Boost)  
  17  2:36  Cybernetics Core  
  17  2:49  Probe (Chrono Boost)  
  16  3:22  Nexus  
  16  4:29  Assimilator  
  16  4:55  Cybernetics Core  
  16  5:00  Gateway  
  16  5:06  Pylon  
Show
View Real Time Build Order
Export as new Build Order

Kazelodie Protoss 

Build Orders:  

Get SALT Encoding   

  12  0:21  Pylon  
  12  0:25  Probe (Chrono Boost)  
  13  0:36  Probe (Chrono Boost)  
  14  0:44  Forge  
  14  0:46  Probe (Chrono Boost)  
  15  0:55  Pylon  
  15  1:05  Pylon  
  15  1:12  Pylon  
  15  1:32  Photon Cannon  
  15  1:35  Pylon  
  14  2:41  Photon Cannon  
  14  2:43  Photon Cannon  
  14  2:46  Photon Cannon  
  14  2:52  Pylon  
  14  2:58  Pylon  
  14  3:09  Photon Cannon  
  14  3:19  Photon Cannon  
  14  3:22  Photon Cannon  
  14  3:26  Photon Cannon  
  14  3:29  Photon Cannon  
  14  3:49  Gateway  
  14  3:56  Gateway  
  14  4:15  Pylon  
Tags
 
Add a new tag
Caveats
  • Supply blocks, unpowered buildings, or Contaminate may cause inaccurate times.
  • Supply counts are checked every 10 seconds.